MLB
CLEVELAND INDIANS @ SEATTLE MARINERS
06/11/2044
 
TOP OF THE 1ST
Cleveland Indians batting - Pitching for Seattle Mariners : LHP Angel Contreras
Pitching: LHP Angel Contreras
Batting: LHB Fernando Campos 0-0: Foul Ball, location: 2F
0-1: Fly out, F8 (Line Drive, 8RM, EV 89.4 MPH)
Batting: LHB Kyle Schaible 0-0: Ball
1-0: Ground out 5-3 (Groundball, 56, EV 103.1 MPH)
Batting: SHB Moe Lester 0-0: Ball
1-0: Called Strike
1-1: Ball
2-1: Foul Ball, location: 2F
2-2: Strikes out swinging
Top of the 1st over - 0 runs, 0 hits, 0 errors, 0 left on base; Cleveland 0 - Seattle 0
BOTTOM OF THE 1ST
Seattle Mariners batting - Pitching for Cleveland Indians : RHP Justin Judson
Pitching: RHP Justin Judson
Batting: LHB John Zumbo 0-0: Ball
1-0: Foul Ball, location: 2F
1-1: Ball
2-1: Fly out, F7 (Flyball, 78D, EV 103.8 MPH)
Batting: SHB Floyd-William Goof 0-0: Fly out, F9 (Line Drive, 9, EV 90.6 MPH)
Batting: LHB Dae-ik Yoon 0-0: Called Strike
0-1: Ball
1-1: Foul Ball, location: 2F
1-2: Foul Ball, location: 2F
1-2: SINGLE (Flyball, 3D, EV 91.9 MPH)
Batting: SHB Tze-meng Gan 0-0: Ball
1-0: 2-RUN HOME RUN (Flyball, 9D, EV 106.9 MPH), Distance : 407 ft
Batting: RHB Jose Vasquez 0-0: Swinging Strike
0-1: Ball
1-1: Ball
2-1: Foul Ball, location: 2F
2-2: SINGLE (Groundball, 4S, EV 64.4 MPH) (infield hit)
Batting: RHB Steve Bartman Jr. 0-0: Called Strike
0-1: Fly out, F7 (Line Drive, 7D, EV 92.5 MPH)
Bottom of the 1st over - 2 runs, 3 hits, 0 errors, 1 left on base; Cleveland 0 - Seattle 2
TOP OF THE 2ND
Cleveland Indians batting - Pitching for Seattle Mariners : LHP Angel Contreras
Batting: SHB Merrick Geter 0-0: Called Strike
0-1: Ball
1-1: Fly out, F3 (Popup, 3DF, EV 63.1 MPH)
Batting: LHB Arvin Dungca 0-0: Called Strike
0-1: Ball
1-1: Ball
2-1: Ground out 4-3 (Groundball, 34D, EV 95.6 MPH)
Batting: RHB Ken Howard 0-0: Called Strike
0-1: Ball
1-1: Foul Ball, location: 2F
1-2: Ball
2-2: Foul Ball, location: 2F
2-2: Fly out, F7 (Flyball, 78M, EV 94.4 MPH)
Top of the 2nd over - 0 runs, 0 hits, 0 errors, 0 left on base; Cleveland 0 - Seattle 2
BOTTOM OF THE 2ND
Seattle Mariners batting - Pitching for Cleveland Indians : RHP Justin Judson
Batting: RHB Corey Ottinger 0-0: Ball
1-0: Ball
2-0: Ball
3-0: Base on Balls
Batting: RHB Ivan Colon 0-0: Ball
1-0: Sac Bunt to 3S - play at first, batter OUT! 3-4
Corey Ottinger to second
Batting: RHB Young-kwang Ohnn 0-0: Fly out, F8 (Flyball, 89XD, EV 98.1 MPH)
Runner from 2nd tags up, SAFE at 3rd, no throw by CF
Batting: LHB John Zumbo 0-0: Ball
1-0: Fly out, F9 (Flyball, 89D, EV 90.0 MPH)
Bottom of the 2nd over - 0 runs, 0 hits, 0 errors, 1 left on base; Cleveland 0 - Seattle 2
TOP OF THE 3RD
Cleveland Indians batting - Pitching for Seattle Mariners : LHP Angel Contreras
Batting: LHB Hector Pedroso 0-0: Foul Ball, location: 2F
0-1: Ball
1-1: Ball
2-1: Foul Ball, location: 2F
2-2: Strikes out swinging
Batting: SHB Dan Hill 0-0: Ball
1-0: Ball
2-0: Ball
3-0: Base on Balls
Batting: RHB Justin Ganey 0-0: Ball
1-0: Foul Ball, location: 2F
1-1: Foul Ball, location: 2F
1-2: Foul Ball, location: 2F
1-2: Fly out, F3 (Popup, 3L, EV 63.1 MPH)
Batting: LHB Fernando Campos 0-0: Swinging Strike
0-1: Ball
1-1: Ball
2-1: Swinging Strike
2-2: Ball
3-2: Strikes out swinging
Top of the 3rd over - 0 runs, 0 hits, 0 errors, 1 left on base; Cleveland 0 - Seattle 2
BOTTOM OF THE 3RD
Seattle Mariners batting - Pitching for Cleveland Indians : RHP Justin Judson
Batting: SHB Floyd-William Goof 0-0: Fly out, F3 (Popup, 23F, EV 84.4 MPH)
Batting: LHB Dae-ik Yoon 0-0: Ball
1-0: Called Strike
1-1: Fly out, F7 (Line Drive, 7D, EV 92.5 MPH)
Batting: SHB Tze-meng Gan 0-0: Called Strike
0-1: Called Strike
0-2: Ball
1-2: Ball
2-2: Ball
3-2: Ground out 4-3 (Groundball, 4MD, EV 80.0 MPH)
Bottom of the 3rd over - 0 runs, 0 hits, 0 errors, 0 left on base; Cleveland 0 - Seattle 2
TOP OF THE 4TH
Cleveland Indians batting - Pitching for Seattle Mariners : LHP Angel Contreras
Batting: LHB Kyle Schaible 0-0: Ball
1-0: Ball
2-0: Foul Ball, location: 2F
2-1: Foul Ball, location: 2F
2-2: Strikes out looking
Batting: SHB Moe Lester 0-0: Foul Ball, location: 2F
0-1: Foul Ball, location: 2F
0-2: Ball
1-2: Strikes out swinging
Batting: SHB Merrick Geter 0-0: Foul Ball, location: 2F
0-1: Ball
1-1: Foul Ball, location: 2F
1-2: Foul Ball, location: 2F
1-2: Ball
2-2: Ground out 1-3 (Groundball, 34S, EV 66.9 MPH)
Top of the 4th over - 0 runs, 0 hits, 0 errors, 0 left on base; Cleveland 0 - Seattle 2
BOTTOM OF THE 4TH
Seattle Mariners batting - Pitching for Cleveland Indians : RHP Justin Judson
Batting: RHB Jose Vasquez 0-0: Ball
1-0: Called Strike
1-1: Ball
2-1: Foul Ball, location: 2F
2-2: Fly out, F7 (Line Drive, 7D, EV 95.0 MPH)
Batting: RHB Steve Bartman Jr. 0-0: Called Strike
0-1: Ground out 6-3 (Groundball, 6, EV 84.4 MPH)
Batting: RHB Corey Ottinger 0-0: Ball
1-0: Ball
2-0: Ground out 4-3 (Groundball, 4D, EV 108.1 MPH)
Bottom of the 4th over - 0 runs, 0 hits, 0 errors, 0 left on base; Cleveland 0 - Seattle 2
TOP OF THE 5TH
Cleveland Indians batting - Pitching for Seattle Mariners : LHP Angel Contreras
Batting: LHB Arvin Dungca 0-0: Called Strike
0-1: Fly out, F4 (Line Drive, 4, EV 72.5 MPH)
Batting: RHB Ken Howard 0-0: Ball
1-0: Ball
2-0: Ball
3-0: Base on Balls
Batting: LHB Hector Pedroso 0-0: Foul Ball, location: 2F
0-1: Ball
1-1: Called Strike
1-2: Strikes out swinging
Batting: SHB Dan Hill 0-0: Called Strike
0-1: Swinging Strike
0-2: Strikes out swinging
Top of the 5th over - 0 runs, 0 hits, 0 errors, 1 left on base; Cleveland 0 - Seattle 2
BOTTOM OF THE 5TH
Seattle Mariners batting - Pitching for Cleveland Indians : RHP Justin Judson
Batting: RHB Ivan Colon 0-0: Ball
1-0: Ball
2-0: Foul Ball, location: 2F
2-1: Foul Ball, location: 2F
2-2: Foul Ball, location: 2F
2-2: Fly out, F8 (Line Drive, 8LD, EV 101.9 MPH)
Batting: RHB Young-kwang Ohnn 0-0: Ball
1-0: Called Strike
1-1: Foul Ball, location: 2F
1-2: SINGLE (Groundball, 5S, EV 75.0 MPH) (infield hit)
Batting: LHB John Zumbo 0-0: Ball
1-0: Foul Ball, location: 2F
1-1: Ball
2-1: Ball
3-1: Fly out, F9 (Flyball, 89XD, EV 104.4 MPH)
Batting: SHB Floyd-William Goof 0-0: Foul Ball, location: 2F
0-1: SINGLE (Flyball, 56D, EV 81.3 MPH)
Young-kwang Ohnn to second
Batting: LHB Dae-ik Yoon 0-0: Ball
1-0: Ball
2-0: Ball
3-0: Base on Balls
Young-kwang Ohnn to third
Floyd-William Goof to second
Batting: SHB Tze-meng Gan 0-0: Ball
1-0: Called Strike
1-1: Ball
Wild Pitch!
Young-kwang Ohnn scores
Floyd-William Goof to third
Dae-ik Yoon to second
2-1: Ground out 5-3 (Groundball, 56, EV 77.5 MPH)
Bottom of the 5th over - 1 run, 2 hits, 0 errors, 2 left on base; Cleveland 0 - Seattle 3
TOP OF THE 6TH
Cleveland Indians batting - Pitching for Seattle Mariners : LHP Angel Contreras
Batting: RHB Justin Ganey 0-0: Called Strike
0-1: Swinging Strike
0-2: Ball
1-2: Strikes out swinging
Batting: LHB Fernando Campos 0-0: Called Strike
0-1: Ball
1-1: Ball
2-1: Called Strike
2-2: Foul Ball, location: 2F
2-2: Ball
3-2: Base on Balls
Pitching: RHP William Cordero
Batting: LHB Kyle Schaible 0-0: Ball
1-0: Ball
Fernando Campos is caught stealing 2nd base 2-6
2-0: Foul Ball, location: 2F
2-1: Swinging Strike
2-2: Ball
3-2: Strikes out swinging
Top of the 6th over - 0 runs, 0 hits, 0 errors, 0 left on base; Cleveland 0 - Seattle 3
BOTTOM OF THE 6TH
Seattle Mariners batting - Pitching for Cleveland Indians : RHP Justin Judson
Batting: RHB Jose Vasquez 0-0: Ball
1-0: DOUBLE (Line Drive, 8LXD, EV 103.1 MPH)
Batting: RHB Steve Bartman Jr. 0-0: Ball
1-0: Swinging Strike
1-1: Ball
2-1: Sac Bunt to 3S - play at first, batter OUT! 3-4
Jose Vasquez to third
Batting: RHB Corey Ottinger 0-0: Called Strike
0-1: Swinging Strike
0-2: Fly out, F9 (Line Drive, 9, EV 85.0 MPH)
Runner from 3rd tags up, SCORES, throw by RF
Batting: RHB Ivan Colon 0-0: Ball
1-0: Foul Ball, location: 2F
1-1: Ground out 6-3 (Groundball, 6, EV 105.6 MPH)
Bottom of the 6th over - 1 run, 1 hit, 0 errors, 0 left on base; Cleveland 0 - Seattle 4
TOP OF THE 7TH
Cleveland Indians batting - Pitching for Seattle Mariners : RHP William Cordero
Batting: SHB Moe Lester 0-0: Ball
1-0: Swinging Strike
1-1: Ball
2-1: Called Strike
2-2: Foul Ball, location: 2F
2-2: Strikes out looking
Batting: SHB Merrick Geter 0-0: Ball
1-0: Foul Ball, location: 2F
1-1: Foul Ball, location: 2F
1-2: Ball
2-2: Foul Ball, location: 2F
2-2: Strikes out looking
Batting: LHB Arvin Dungca 0-0: Ball
1-0: Ground out 6-3 (Groundball, 4, EV 104.4 MPH)
Top of the 7th over - 0 runs, 0 hits, 0 errors, 0 left on base; Cleveland 0 - Seattle 4
BOTTOM OF THE 7TH
Seattle Mariners batting - Pitching for Cleveland Indians : RHP Justin Judson
Batting: RHB Young-kwang Ohnn 0-0: Called Strike
0-1: Ball
1-1: Called Strike
1-2: Foul Ball, location: 2F
1-2: TRIPLE (Flyball, 7LD, EV 101.9 MPH)
Batting: LHB John Zumbo 0-0: Ground out 4-3 (Groundball, 34, EV 85.6 MPH)
Young-kwang Ohnn scores
Pitching: RHP Willie Encinas
Batting: SHB Floyd-William Goof 0-0: Ball
1-0: Foul Ball, location: 2F
1-1: Ball
2-1: Called Strike
2-2: Foul Ball, location: 2F
2-2: TRIPLE (Flyball, 8LXD, EV 103.8 MPH)
Batting: LHB Dae-ik Yoon 0-0: Ball
1-0: Swinging Strike
1-1: Foul Ball, location: 2F
1-2: Ball
2-2: Fly out, F3 (Line Drive, 3, EV 69.4 MPH)
Batting: SHB Tze-meng Gan 0-0: Ball
1-0: Ball
2-0: Ball
3-0: Called Strike
3-1: Foul Ball, location: 2F
3-2: SINGLE (Groundball, 6MD, EV 95.0 MPH)
Floyd-William Goof scores
Batting: RHB Jose Vasquez 0-0: Called Strike
0-1: Fly out, F9 (Flyball, 89S, EV 95.6 MPH)
Bottom of the 7th over - 2 runs, 3 hits, 0 errors, 1 left on base; Cleveland 0 - Seattle 6
TOP OF THE 8TH
Cleveland Indians batting - Pitching for Seattle Mariners : RHP William Cordero
Batting: RHB Ken Howard 0-0: Ball
1-0: Called Strike
1-1: Ball
2-1: Ball
3-1: Base on Balls
Batting: LHB Hector Pedroso 0-0: Called Strike
0-1: Swinging Strike
0-2: Ball
1-2: Ball
2-2: Fielders Choice at 2nd, 3-6 (Groundball, 3, EV 110.6 MPH)
Batting: SHB Dan Hill 0-0: Fielders Choice at 2nd, 1-4 (Groundball, 15, EV 68.8 MPH)
Batting: RHB Justin Ganey 0-0: Ball
1-0: Swinging Strike
1-1: Ground out 4-3 (Groundball, 34, EV 86.9 MPH)
Top of the 8th over - 0 runs, 0 hits, 0 errors, 1 left on base; Cleveland 0 - Seattle 6
BOTTOM OF THE 8TH
Seattle Mariners batting - Pitching for Cleveland Indians : RHP Willie Encinas
Batting: RHB Steve Bartman Jr. 0-0: Foul Ball, location: 2F
0-1: Foul Ball, location: 2F
0-2: Foul Ball, location: 2F
0-2: Ball
1-2: Fly out, F8 (Line Drive, 8RD, EV 88.8 MPH)
Batting: RHB Corey Ottinger 0-0: Ball
1-0: Ball
2-0: Called Strike
2-1: Fly out, F8 (Flyball, 89D, EV 103.8 MPH)
Batting: RHB Ivan Colon 0-0: Called Strike
0-1: Ball
1-1: Foul Ball, location: 2F
1-2: Ball
2-2: Ball
3-2: Foul Ball, location: 2F
3-2: Foul Ball, location: 2F
3-2: SINGLE (Line Drive, 8LS, EV 93.8 MPH)
Batting: RHB Young-kwang Ohnn 0-0: Foul Ball, location: 2F
0-1: Swinging Strike
0-2: Ball
1-2: Ball
2-2: Foul Ball, location: 2F
2-2: Foul Ball, location: 2F
2-2: Strikes out looking
Bottom of the 8th over - 0 runs, 1 hit, 0 errors, 1 left on base; Cleveland 0 - Seattle 6
TOP OF THE 9TH
Cleveland Indians batting - Pitching for Seattle Mariners : RHP William Cordero
Batting: LHB Fernando Campos 0-0: Ball
1-0: Ball
2-0: Ball
3-0: Base on Balls
Batting: LHB Kyle Schaible 0-0: Ball
1-0: Ball
2-0: Called Strike
2-1: DOUBLE (Line Drive, 8RXD, EV 108.1 MPH)
Fernando Campos to third
Pitching: RHP David Sly
Batting: SHB Moe Lester 0-0: Called Strike
0-1: Ball
1-1: Ball
2-1: Ball
3-1: Base on Balls
Batting: SHB Merrick Geter 0-0: Foul Ball, location: 2F
0-1: Swinging Strike
0-2: Strikes out looking
Batting: LHB Arvin Dungca 0-0: Ball
1-0: Ball
2-0: Ball
3-0: Base on Balls
Fernando Campos scores
Kyle Schaible to third
Moe Lester to second
Batting: RHB Ken Howard 0-0: Ball
1-0: Ball
2-0: Ball
3-0: Base on Balls
Kyle Schaible scores
Moe Lester to third
Arvin Dungca to second
Batting: LHB Hector Pedroso 0-0: Called Strike
0-1: Foul Ball, location: 2F
0-2: Ball
1-2: Strikes out looking
Batting: SHB Dan Hill 0-0: Called Strike
0-1: Ball
1-1: Swinging Strike
1-2: Foul Ball, location: 2F
1-2: Ball
2-2: Ball
3-2: Strikes out swinging
Top of the 9th over - 2 runs, 1 hit, 0 errors, 3 left on base; Cleveland 2 - Seattle 6
Thursday, March 31st , 2022 - OOTP Baseball 22.12 Build 89